 Dungeon Crawl Stone Soup version 0.29.0-7-g18a832c13a (webtiles) character file.

Game seed: 673448883013921781

15146 RascalDebosk the Severer (level 11, -6/97 HPs)
             Began as a Minotaur Fighter on Aug 30, 2022.
             Was an Initiate of Gozag.
             Mangled by a wolf spider (14 damage)
             ... on level 1 of the Spider Nest.
             The game lasted 01:34:55 (12011 turns).

RascalDebosk the Severer (Minotaur Fighter)        Turns: 12011, Time: 01:34:59

Health: -6/97      AC: 15    Str: 29    XL:     11   Next: 98%
Magic:  10/10      EV:  5    Int:  7    God:    Gozag
Gold:   594        SH: 17    Dex: 10    Spells: 10/10 levels left

rFire   . . .      SeeInvis .   a - +3 war axe (drain)
rCold   . . .      Faith    .   g - +2 tower shield
rNeg    + . .      Spirit   .   B - +3 plate armour {rN+}
rPois   +          Reflect  .   (helmet restricted)
rElec   .          Harm     .   D - +1 cloak {rPois}
rCorr   +          Rampage  .   (no gloves)
Will    .....                   q - +2 pair of boots
Stlth   ..........              (no amulet)
HPRegen 0.26/turn               v - +6 ring of strength
MPRegen 0.12/turn               G - ring of resist corrosion

@: mighty, corroded, invisible
A: horns 2, retaliatory headbutt
a: Renounce Religion, Potion Petition, Call Merchant, Bribe Branch


You were on level 1 of the Spider Nest.
You worshipped Gozag.
Gozag was pleased with you.
You visited 4 branches of the dungeon, and saw 13 of its levels.
You also visited: Sewer and Ossuary.

You collected 2115 gold pieces.
You spent 685 gold pieces at shops.
You paid 836 gold pieces to Gozag.

Inventory:

Hand Weapons
 a - a +3 war axe of draining (weapon)
 f - a +5 flail of protection
 m - the +0 sling "Kyfodwea" {freeze, rCorr}
   (You found it in a sewer)

   Any ammunition fired from it freezes those it strikes, dealing additional
   cold damage.
   It can also slow down cold-blooded creatures.
   rCorr:     It protects you from acid and corrosion.
 F - a +3 morningstar of holy wrath
Missiles
 c - 17 poisoned darts
 n - 8 boomerangs (quivered)
 A - a curare-tipped dart
 I - 4 javelins
Armour
 g - a +2 tower shield (worn)
 q - a +2 pair of boots (worn)
 B - a +3 plate armour of positive energy (worn)
 D - a +1 cloak of poison resistance (worn)
Magical Staves
 z - a staff of poison
Jewellery
 e - a ring of fire
 v - a +6 ring of strength (left hand)
 E - a ring of positive energy
 G - a ring of resist corrosion (right hand)
Wands
 d - a wand of digging (2)
 o - a wand of iceblast (18)
 r - a wand of flame (2)
 K - a wand of charming (6)
Scrolls
 b - a scroll of amnesia
 j - 2 scrolls of blinking
 p - a scroll of torment
 s - 9 scrolls of teleportation
 u - a scroll of summoning
 y - a scroll of vulnerability
 C - 6 scrolls of identify
Potions
 h - 4 potions of heal wounds
 i - 4 potions of mutation
 k - 3 potions of might
 l - 2 potions of resistance
 t - 8 potions of curing
 w - 2 potions of magic
 x - a potion of haste
 H - a potion of lignification


   Skills:
 + Level 9.3 Fighting
 - Level 16.0 Axes
 + Level 7.0 Throwing
 + Level 9.3 Armour
 + Level 9.4 Shields


You had 10 spell levels left.
You didn't know any spells.
Your spell library contained the following spells:

 Spells                   Type           Power      Damage    Failure   Level
 Beastly Appendage        Tmut           0%         N/A       100%        1
 Magic Dart               Conj           0%         1d3       100%        1
 Call Imp                 Summ           0%         N/A       100%        2
 Searing Ray              Conj           0%         2d4       100%        2
 Wereblood                Tmut           0%         N/A       100%        2
 Ignite Poison            Fire/Tmut/Pois 0%         N/A       100%        3
 Mephitic Cloud           Conj/Pois/Air  0%         N/A       100%        3
 Ozocubu's Armour         Ice            0%         N/A       100%        3
 Spider Form              Tmut/Pois      0%         N/A       100%        3
 Anguish                  Hex/Necr       0%         N/A       100%        4
 Fulminant Prism          Conj/Hex       0%         3d6       100%        4
 Freezing Cloud           Conj/Ice/Air   0%         6-21      100%        5
 Metabolic Englaciation   Hex/Ice        0%         N/A       100%        5
 Summon Hydra             Summ           0%         N/A       100%        7
 Summon Horrible Things   Summ           0%         N/A       100%        8
 Simulacrum               Ice/Necr       Unusable   N/A       N/A         6

Dungeon Overview and Level Annotations

Branches:
Dungeon (9/15)             Temple (1/1) D:6            Lair (2/5) D:9
 Shoals (0/4) Lair:2       Spider (1/4) Lair:2          Orc (0/2) D:9
  Sewer (visited)         Ossuary (visited)

Altars:
Ashenzari
Cheibriados
Dithmenos
Elyvilon
Fedhas
Gozag
Hepliaklqana
Kikubaaqudgha
Makhleb
Nemelex Xobeh
Okawaru
Ru
Sif Muna
Trog
Uskayaw
Vehumet
Wu Jian
Xom
Yredelemnul
Zin
The Shining One

Shops:
D:7 [   D:8 *

Annotations:
Lair:1 2 transporters, BubbleThief's ghost, journeyman NaVM


Innate Abilities, Weirdness & Mutations

You have a pair of horns on your head.
You reflexively headbutt those who attack you in melee.


Message History

The wolf spider hits you! You block the wolf spider's attack.
The entropy weaver casts a spell at you.
The entropic weave corrodes you! You block the demonic crawler's attack.
The demonic crawler barely misses you. The demonic crawler hits you!
You block the redback's attack. The wolf spider hits you.
The wolf spider bites you but does no damage.
The wolf spider hits you! You block the wolf spider's attack.
The moth of wrath goads the wolf spider on!
The wolf spider goes berserk!
The moth of wrath goads the redback on!
The redback goes berserk!
You slash the demonic crawler!
The demonic crawler is moderately wounded.
You catch the helpless redback completely off-guard!
You hit the redback. You drain the redback. You closely miss the wolf spider.
You catch the helpless wolf spider completely off-guard!
You hit the wolf spider. The wolf spider hits you!
You block the wolf spider's attack. You block the redback's attack.
The wolf spider hits you but does no damage.
The wolf spider bites you but does no damage.
The wolf spider hits you but does no damage.
The wolf spider bites you! You block the demonic crawler's attack.
The demonic crawler hits you but does no damage.
You block the demonic crawler's attack. The redback bites you!
* * * LOW HITPOINT WARNING * * *
The entropy weaver casts a spell at you.
The entropic weave corrodes you!
You slash the demonic crawler!
Your headbutt misses the demonic crawler.
The demonic crawler is heavily wounded.
You catch the helpless redback completely off-guard!
You slice the redback!! You slash the wolf spider! x2
The wolf spider barely misses you. The wolf spider bites you.
* * * LOW HITPOINT WARNING * * *
The wolf spider hits you!
* * * LOW HITPOINT WARNING * * *
You block the wolf spider's attack.
You block the demonic crawler's attack. x2
The demonic crawler hits you but does no damage.
You block the wolf spider's attack. The wolf spider bites you!
You die...
Your body crumbles into a pile of gold.

.## ..## $ ^...
# ... #. ..#
#.. #≈# ##..
#.##
#....#@^#~#
#...ssss.#
.......y..B#
...w#..."..s...
#). #≈#~###....
~# ~.#.# ....
##.... .#.
##... # ..#


You could see an entropy weaver, a steelbarb worm (unable to see you), a demonic
crawler, 3 wolf spiders, a moth of wrath (unable to see you) and a redback
(berserk, unable to see you, drained).

Vanquished Creatures
  2 two-headed ogres
  Amaemon (Lair:2)
  A merfolk siren (Lair:2)
  2 black mambas
  An orange demon (Lair:2)
  5 cane toads
  2 rime drakes (Lair:1)
  4 komodo dragons
  Grinder (D:3)
  3 blink frogs (Lair:1)
  Sigmund (D:3)
  2 jumping spiders (Lair:2)
  18 yaks
  A redback (Lair:2)
  2 steam dragons
  Edmund (D:4)
  An acid dragon (D:9)
  2 water moccasins (Lair:1)
  Duvessa (D:4)
  4 orc warriors
  2 ice beasts (D:6)
  2 black bears (Lair:2)
  A hornet zombie (Ossuary)
  4 centaurs
  2 ogres
  A phantom (D:5)
  A kobold brigand (D:9)
  A wyvern zombie (Ossuary)
  5 bullfrogs
  A scorpion (D:6)
  A necrophage (D:6)
  3 wights (D:6)
  Dowan (D:4)
  3 killer bees (D:8)
  6 hounds
  7 bullfrog zombies (Ossuary)
  4 centaur zombies (Ossuary)
  6 orc priests
  2 jellies
  Jessica (D:2)
  3 iguanas (D:5)
  16 orc wizards
  3 killer bee zombies (Ossuary)
  13 mummies (Ossuary)
  Robin (D:3)
  2 howler monkey zombies (Ossuary)
  16 adders
  A river rat (D:4)
  A shadow imp (D:7)
  2 white imps (D:5)
  4 worms
  3 dart slugs
  64 orcs
  12 ball pythons
  6 bats
  10 endoplasms
  4 giant cockroaches
  12 goblins
  8 hobgoblins
  2 jackals (D:5)
  19 kobolds
  5 quokkas
  5 frilled lizards
  6 rats
  2 rat zombies (D:5)
329 creatures vanquished.

Vanquished Creatures (collateral kills)
  A yak (Lair:2)
  A black bear (Lair:2)
2 creatures vanquished.

Vanquished Creatures (others)
  2 fungi
  48 plants
  7 withered plants (Ossuary)
57 creatures vanquished.

Grand Total: 388 creatures vanquished

Notes
Turn   | Place    | Note
-------+----------+-------------------------------------------
     0 | D:1      | RascalDebosk the Minotaur Fighter began the quest for the
                  | Orb.
     0 | D:1      | Reached XP level 1. HP: 19/19 MP: 0/0
   121 | D:1      | Reached XP level 2. HP: 27/27 MP: 1/1
   670 | D:1      | Reached skill level 1 in Throwing
   738 | D:1      | Reached XP level 3. HP: 32/33 MP: 2/2
  1255 | D:2      | Reached skill level 3 in Axes
  1347 | D:2      | Reached XP level 4. HP: 35/40 MP: 3/3
  1551 | D:2      | Found a hazy altar of Hepliaklqana.
  1967 | D:2      | Noticed Jessica
  1978 | D:2      | Killed Jessica
  2126 | D:3      | Noticed Grinder
  2127 | D:3      | Noticed Robin
  2135 | D:3      | Paralysed by Grinder for 5 turns
  2143 | D:3      | Reached XP level 5. HP: 24/47 MP: 4/4
  2147 | D:3      | Killed Robin
  2151 | D:3      | Paralysed by Grinder for 3 turns
  2154 | D:3      | Killed Grinder
  2155 | D:3      | Reached skill level 5 in Fighting
  2155 | D:3      | Reached skill level 4 in Axes
  2155 | D:3      | Reached skill level 5 in Shields
  2155 | D:3      | Reached XP level 6. HP: 28/56 MP: 5/5
  2326 | D:3      | Found a faded altar of an unknown god.
  2585 | D:3      | Noticed Sigmund
  2589 | D:3      | Reached skill level 5 in Armour
  2601 | D:3      | Killed Sigmund
  2751 | D:3      | Reached XP level 7. HP: 60/61 MP: 6/6
  2982 | D:4      | Noticed Edmund
  2997 | D:4      | Killed Edmund
  3044 | D:4      | Found a glowing drain.
  3053 | Sewer    | Entered a sewer
  3404 | Sewer    | Identified the +0 sling "Kyfodwea" {freeze, rCorr}
  3539 | D:4      | Reached skill level 5 in Axes
  3610 | D:4      | Found a shadowy altar of Dithmenos.
  3648 | D:4      | Got the Incunabulum of Oenomania
  3806 | D:4      | Noticed Dowan
  3807 | D:4      | Noticed Duvessa
  3825 | D:4      | Killed Duvessa
  3846 | D:4      | Killed Dowan
  4000 | D:5      | Entered Level 5 of the Dungeon
  4000 | D:5      | Noticed a steam dragon
  4006 | D:5      | Killed a steam dragon
  4007 | D:5      | Reached XP level 8. HP: 70/70 MP: 7/7
  4058 | D:5      | Found a sand-covered staircase.
  4074 | Ossuary  | Entered an ossuary
  4158 | Ossuary  | Reached skill level 6 in Axes
  4519 | Ossuary  | Reached skill level 5 in Throwing
  4672 | D:5      | Reached XP level 9. HP: 79/79 MP: 8/8
  4676 | D:5      | Reached skill level 7 in Axes
  4963 | D:5      | Reached skill level 8 in Axes
  4997 | D:5      | Found a shadowy altar of Dithmenos.
  5483 | D:6      | Reached skill level 9 in Axes
  5538 | D:6      | Noticed a two-headed ogre
  5551 | D:6      | Killed a two-headed ogre
  5552 | D:6      | Reached skill level 10 in Axes
  5717 | D:6      | Reached skill level 11 in Axes
  5840 | D:6      | Found a staircase to the Ecumenical Temple.
  5856 | Temple   | Entered the Ecumenical Temple
  5913 | Temple   | Became a worshipper of Gozag Ym Sagoz the Greedy
  6029 | D:6      | Reached skill level 12 in Axes
  6730 | D:7      | Reached XP level 10. HP: 86/86 MP: 9/9
  6937 | D:7      | Found Anablati's Armour Boutique.
  6952 | D:7      | Bought a +1 cloak of poison resistance for 135 gold pieces
  7457 | D:8      | Reached skill level 13 in Axes
  7530 | D:8      | Found Kesmoc's Assorted Antiques.
  7854 | D:8      | Bought a shiny copper ring for 125 gold pieces
  7854 | D:8      | Bought a glowing morningstar for 175 gold pieces
  7854 | D:8      | Bought a large glass ring for 125 gold pieces
  7854 | D:8      | Bought a dented ruby amulet for 125 gold pieces
  8177 | D:8      | Found a glowing golden altar of the Shining One.
  8254 | D:8      | Reached skill level 14 in Axes
  8416 | D:9      | Reached skill level 15 in Axes
  8423 | D:9      | Found a staircase to the Orcish Mines.
  8711 | D:9      | Reached XP level 11. HP: 49/92 MP: 10/10
  8927 | D:9      | Found a staircase to the Lair.
  8927 | D:9      | Noticed a two-headed ogre
  8956 | D:9      | Killed a two-headed ogre
  8957 | D:9      | Reached skill level 16 in Axes
  9116 | D:9      | Found an iron altar of Okawaru.
  9129 | D:9      | Found a shimmering altar of Xom.
  9135 | D:9      | Found a blossoming altar of Fedhas.
  9138 | D:9      | Found a shimmering blue altar of Sif Muna.
  9138 | D:9      | Found a snail-covered altar of Cheibriados.
  9144 | D:9      | Found a glowing silver altar of Zin.
  9622 | Lair:1   | Entered Level 1 of the Lair of Beasts
  9638 | Lair:1   | Noticed BubbleThief's ghost (journeyman NaVM)
  9695 | Lair:1   | Found a transporter.
  9712 | Lair:1   | Found a transporter.
  9788 | Lair:1   | Identified the +1 robe of the Thinker {rPois rN+ Will+}
 11162 | Lair:2   | Found a hole to the Spider Nest.
 11513 | Lair:2   | Noticed Amaemon
 11519 | Lair:2   | Killed Amaemon
 11650 | Lair:2   | Found a staircase to the Shoals.
 12004 | Spider:1 | Entered Level 1 of the Spider Nest
 12004 | Spider:1 | Noticed a wolf spider
 12004 | Spider:1 | Noticed a wolf spider
 12005 | Spider:1 | Noticed an entropy weaver
 12007 | Spider:1 | Noticed a steelbarb worm
 12008 | Spider:1 | Noticed a wolf spider
 12011 | Spider:1 | Mangled by a wolf spider

Illustrated notes

Levels and vault maps discovered:
D:1:      heliophobic_arrival_dark_side_of_the_moon, layout_basic,
          minmay_fountain_box, palyth_stone_intersect,
          chequers_serial_rivers_marsh, minmay_tromino_v4_b
D:2:      layout_basic, basic_altar, fountainhead, uniq_jessica
D:3:      layout_basic, hellmonk_ecumenical_altar_lost_god, serial_glass,
          glass_columns_a, glass_columns_b, chequers_arboretum, uniq_robin,
          uniq_sigmund, uniq_grinder
D:4:      layout_cave_pools, nicolae_dithmenos_shadow_blocks,
          cheibrodos_sewer_entry_sluice, uniq_edmund, uniq_duvessa
D:5:      layout_cave_pods, enter_ossuary_4, minmay_ruined_shrine
D:6:      layout_basic, minmay_temple_entry_drinking_statues
D:7:      layout_basic, serial_shops, nicolae_shop_advertising_works
          [nicolae_subvault_shop_adworks], abandoned_shop,
          hangedman_abyss_or_decor_passed
D:8:      layout_loops_ring, tso_altar, serial_shops, shop_statue
D:9:      layout_cave_pools, nicolae_overflow_hidden_temple,
          nicolae_overflow_hallway_of_the_gods, david_lair_shrubbed,
          hiddenorc2_lemuel
Temple:   cyrus_circular_temple
Lair:1:   layout_cave_pods, gammafunk_ghost_arena, infiniplex_staircase_pool,
          serial_bayou_shore_b
Lair:2:   layout_gridlike, minmay_shoals_entry_lonely_mermaid,
          spider_nest_entry_a, beast_lair_carwin_2, uniq_amaemon
Spider:1: layout_spider_delve

Skill      XL: |  1  2  3  4  5  6  7  8  9 10 11 |
---------------+----------------------------------+-----
Throwing       | 1 2 3 5 7 |  7.0
Shields        | 4 5 6 7 9 |  9.4
Armour         | 4 5 6 7 9 |  9.3
Fighting       | 4 5 6 7 9 |  9.3
Axes           | 3 4 5 6 12 15 16 | 16.0

Action                   |  1- 3 |  4- 6 |  7- 9 | 10-12 || total
-------------------------+-------+-------+-------+-------++-------
Melee: War axe           |    69 |    92 |   241 |   239 ||   641
       Headbutt          |     5 |    12 |    42 |    39 ||    98
       Flail             |       |       |    67 |       ||    67
Throw: Dart              |       |     4 |    13 |     5 ||    22
       Javelin           |       |       |     2 |     4 ||     6
       Boomerang         |       |       |       |    20 ||    20
Invok: Potion Petition   |       |       |       |     1 ||     1
Evoke: Wand              |       |       |       |     2 ||     2
  Use: Potion            |       |     1 |    10 |     3 ||    14
       Scroll            |       |       |    22 |     2 ||    24
 Stab: Distracted        |       |       |     1 |     3 ||     4
       Invisible         |       |       |       |     3 ||     3
Armor: Scale mail        |    29 |       |       |       ||    29
       Chain mail        |     6 |    88 |   196 |       ||   290
       Plate armour      |       |       |     5 |   116 ||   121
Dodge: Dodged            |    32 |    24 |    68 |    31 ||   155
Block: Tower shield      |    30 |    69 |   256 |   189 ||   544
       Buckler           |     6 |       |       |       ||     6
